 Dungeon Crawl Stone Soup version 0.30.0-5-g1a98f26d00 (webtiles) character file.

Game seed: 13420640866576432621

17218 greynaab the Spear-Bearer (level 12, -4/81 HPs)
             Began as a Human Cinder Acolyte on May 11, 2023.
             Was an Initiate of Ignis.
             Slain by a black mamba (16 damage)
             ... on level 2 of the Lair of Beasts.
             The game lasted 01:14:52 (17520 turns).

greynaab the Spear-Bearer (Human Cinder Acolyte)   Turns: 17520, Time: 01:14:53

Health: -4/81      AC:  9    Str: 15    XL:     12   Next: 79%
Magic:  24/35      EV: 16    Int: 19    God:    Ignis [......]
Gold:   458        SH:  0    Dex:  9    Spells: 16/31 levels left

rFire   + . .        b - +0 trident (venom)
rCold   . . .        (no shield)
rNeg    . . .        y - +2 leather armour {Will+}
rPois   +            V - +0 helmet
rElec   .            h - +1 cloak {rPois}
rCorr   .            M - +0 pair of gloves
SInv    .            (no boots)
Will    +....        (no amulet)
Stlth   +            r - ring of magical power
HPRegen 0.33/turn    F - +5 ring of evasion
MPRegen 0.24/turn

%: no passive effects
@: no status effects
A: no striking features
a: Renounce Religion


You were on level 2 of the Lair of Beasts.
You worshipped Ignis.
Ignis was noncommittal.
You visited 4 branches of the dungeon, and saw 15 of its levels.
You also visited: Ossuary.

You collected 839 gold pieces.
You spent 381 gold pieces at shops.

Inventory:

Hand Weapons
 a - a +0 spear of flaming
 b - a +0 trident of venom (weapon)
 G - a +1 dagger of venom
 I - the +4 war axe "Gouquwaq" {pain, Drain *Slow Fly Int+8}
   (You took it off a kobold brigand on level 6 of the Dungeon)

   Int:       It affects your intelligence (+8).
   Fly:       It grants you flight.
   Drain:     It drains your maximum health when unequipped.
   *Slow:     It may slow you when you take damage.
Missiles
 g - 53 poisoned darts (quivered)
Armour
 h - a +1 cloak of poison resistance (worn)
 o - a scarf of shadows
 y - a +2 leather armour of willpower (worn)
 H - the +1 robe of Agoraphobia {Regen+ Dex+2}
   (You found it on level 6 of the Dungeon)

   Dex:       It affects your dexterity (+2).
   Regen:     It increases your rate of health regeneration.
 M - a +0 pair of gloves (worn)
 P - +0 acid dragon scales
 V - a +0 helmet (worn)
Jewellery
 n - a +4 ring of protection
 q - a +6 ring of strength
 r - a ring of magical power (left hand)
 B - a +6 ring of strength
 E - a ring of flight
 F - a +5 ring of evasion (right hand)
 J - a ring of poison resistance
Wands
 j - a wand of digging (1)
 w - a wand of roots (2)
 L - a wand of polymorph (1)
 N - a wand of mindburst (2)
 S - a wand of paralysis (2)
Scrolls
 d - a scroll of silence
 v - 2 scrolls of teleportation
 x - 3 scrolls of torment
 A - 3 scrolls of amnesia
 D - a scroll of fear
 K - 2 scrolls of blinking
 O - a scroll of magic mapping
 Q - a scroll of vulnerability
 R - a scroll of butterflies
 T - 2 scrolls of fog
Potions
 c - a potion of lignification
 e - 8 potions of curing
 f - 5 potions of haste {unknown}
 i - 2 potions of ambrosia
 k - 4 potions of brilliance
 l - 2 potions of flight
 m - 2 potions of attraction
 p - 3 potions of might
 s - a potion of mutation
 u - a potion of heal wounds
 z - a potion of berserk rage
 C - 2 potions of resistance


   Skills:
 - Level 3.0 Fighting
 - Level 10.0 Polearms
 - Level 10.0 Spellcasting
 - Level 7.0 Conjurations
 - Level 5.0 Hexes
 + Level 9.5 Summonings
 - Level 7.0 Fire Magic


You had 16 spell levels left.
You knew the following spells:

 Your Spells              Type           Power      Damage    Failure   Level
a - Scorch                Fire           72%        2d8       1%          2
b - Flame Wave            Conj/Fire      36%        2d10      4%          4
c - Tukima's Dance        Hex            28%        N/A       3%          3
d - Summon Cactus Giant   Summ           22%        N/A       28%         6

Your spell library contained the following spells:

 Spells                   Type           Power      Damage    Failure   Level
 Beastly Appendage        Tmut           18%        N/A       9%          1
 Portal Projectile        Hex/Tloc       38%        N/A       10%         3
 Wereblood                Tmut           9%         N/A       14%         2
 Spider Form              Tmut/Pois      9%         N/A       26%         3
 Blade Hands              Tmut           4%         N/A       94%         5


Dungeon Overview and Level Annotations

Branches:
Dungeon (11/15) Zot: 25908  Temple (1/1) D:4 Zot: 5998    Lair (2/5) D:11 Zot: 10009
  Snake (0/4) Lair:2          Orc (1/2) D:9 Zot: 5998 Ossuary (visited)
  Swamp: Lair:2-3    Shoals: Lair:2-3

Altars:
Ashenzari
Cheibriados
Dithmenos
Elyvilon
Fedhas
Gozag
Hepliaklqana
Kikubaaqudgha
Makhleb
Nemelex Xobeh
Okawaru
Qazlal
Ru
Sif Muna
Trog
Uskayaw
Vehumet
Wu Jian
Xom
Yredelemnul
Zin
The Shining One

Shops:
D:3 *   D:4 [


Message History

Casting: Scorch (safe; 1% risk of failure)
Confirm with . or Enter, or press ? or * to list all spells.
Flames lash the water moccasin.
The water moccasin is heavily wounded.
The water moccasin's fire resistance burns away.
The black mamba closely misses you. The water moccasin bites you.
The black mamba closely misses you.
Casting: Scorch (safe; 1% risk of failure)
Confirm with . or Enter, or press ? or * to list all spells.
Casting: Flame Wave (dangerous; 4% risk of failure)
Press: ? - help, Dir - look around, f - activate A wave of flame ripples out!
The flame wave engulfs the black mamba!
The black mamba is burned terribly!
The black mamba is severely wounded.
The flame wave engulfs the water moccasin!!
The water moccasin is burned terribly!
You kill the water moccasin! (Press . to intensify the flame waves.)
The black mamba bites you! The black mamba bites you.
A wave of flame ripples out!
The flame wave engulfs the black mamba.
The black mamba is burned terribly!
The black mamba is severely wounded.
The flame wave engulfs the plant!!
The plant begins to die.
The plant is lightly damaged.
You hear a bellow!
The black mamba bites you!
A wave of flame ripples out!
The flame wave engulfs the black mamba.
The black mamba is burned terribly!
The black mamba is almost dead.
The flame wave engulfs the plant!
The plant is lightly damaged.
You finish channelling waves of flame.
You hear an angry hiss.
You hear a bellow! x3
The black mamba bites you. The black mamba bites you!
You barely miss the black mamba.
The black mamba is almost dead.
The black mamba bites you!
* * * LOW HITPOINT WARNING * * *
The black mamba bites you!
You die...

##..P#
#.......##.
####..^.#
#..........
........#
##.......... .
.......#
#.....#.....
... ......#
#..........
.#..###...##
#....#.....
B.........P###
#..........
......B...S†.##
#P....P÷P.#.
......+..##@..#
##..........
..... #####...#
###P.####..
.... #...## P..
##. ... ##...#
#..# #.. ..
#...# #...# #..
. #P..## #....
##.. ##...#
#..# #... #...#
#..# ###.
##..##...# #.


You could see a boulder beetle and a black mamba (combustible).

Vanquished Creatures
  2 two-headed ogres
  A boulder beetle (D:11)
  2 oklob plants (D:11)
  2 black mambas (Lair:2)
  A gargoyle (D:7)
  2 cane toads (Lair:1)
  3 komodo dragons (Lair:1)
  2 kobold demonologists
  A troll (D:9)
  A hornet (D:9)
  Grinder (D:3)
  5 blink frogs (Lair:1)
  Sigmund (D:3)
  10 yaks
  2 wyverns
  4 vampire mosquitoes (D:10)
  Menkaure (D:4)
  12 water moccasins
  3 acid dragons
  2 orc warriors (D:8)
  An ice beast (D:8)
  A black bear (D:6)
  5 ogres
  3 centaurs (D:11)
  8 wolves (Lair:1)
  2 phantoms
  6 bullfrogs
  5 kobold brigands
  A water moccasin zombie (D:7)
  A wyvern zombie (D:7)
  6 scorpions
  10 wights
  15 killer bees
  2 howler monkeys
  9 centaur zombies
  2 hounds (D:4)
  2 gnoll boudas
  2 jellies
  3 orc priests
  2 sleepcaps
  5 iguanas
  4 scorpion zombies (Ossuary)
  11 orc wizards
  A killer bee zombie (D:7)
  3 mummies (Ossuary)
  A howler monkey zombie (D:7)
  10 gnolls
  5 adders
  2 ufetubi
  4 worms
  3 dart slugs
  28 orcs
  5 bats
  3 endoplasms
  7 giant cockroaches
  A gnoll zombie (Ossuary)
  7 goblins
  10 hobgoblins
  3 jackals (D:1)
  6 quokkas
  3 ball pythons
  8 frilled lizards
  A goblin zombie (Ossuary)
  A hobgoblin zombie (Ossuary)
  30 kobolds
  2 kobold zombies (Ossuary)
  2 orc zombies (Ossuary)
  A rat (D:2)
  2 rat zombies (D:4)
313 creatures vanquished.

Vanquished Creatures (collateral kills)
  A centaur warrior (D:10)
1 creature vanquished.

Vanquished Creatures (others)
  28 foxfires
28 creatures vanquished.

Grand Total: 342 creatures vanquished

Notes
Turn   | Place    | Note
-------+----------+-------------------------------------------
     0 | D:1      | greynaab the Human Cinder Acolyte began the quest for the
                  | Orb.
     0 | D:1      | Reached XP level 1. HP: 18/18 MP: 2/2
    98 | D:1      | Reached XP level 2. HP: 20/24 MP: 3/3
   101 | D:1      | Learned a level 2 spell: Scorch
   452 | D:1      | Reached XP level 3. HP: 29/29 MP: 4/4
  1355 | D:2      | Reached XP level 4. HP: 35/35 MP: 0/6
  1749 | D:2      | Found a glowing golden altar of the Shining One.
  2290 | D:3      | Noticed Grinder
  2311 | D:3      | Found Emac's Assorted Antiques.
  2318 | D:3      | Bought a runed cloak for 172 gold pieces
  2367 | D:3      | Noticed Sigmund
  2564 | D:4      | Found a staircase to the Ecumenical Temple.
  2597 | D:4      | Noticed a phantom
  2606 | D:4      | Killed a phantom
  2607 | D:4      | Reached skill level 5 in Polearms
  2607 | D:4      | Reached XP level 5. HP: 40/41 MP: 0/8
  2682 | D:4      | Found a sand-covered staircase.
  2715 | Ossuary  | Entered an ossuary
  2789 | Ossuary  | Reached XP level 6. HP: 39/47 MP: 0/9
  3155 | Ossuary  | Reached XP level 7. HP: 32/52 MP: 0/11
  3594 | Ossuary  | Reached XP level 8. HP: 56/58 MP: 2/14
  3772 | D:4      | Found Cucwem's Armour Boutique.
  3805 | D:4      | Noticed Menkaure
  3825 | D:4      | Killed Menkaure
  4344 | D:5      | Entered Level 5 of the Dungeon
  4559 | D:5      | Found a glowing golden altar of the Shining One.
  4644 | D:5      | Learned a level 4 spell: Flame Wave
  4735 | D:5      | Reached skill level 1 in Conjurations
  5174 | D:5      | Reached skill level 5 in Spellcasting
  5174 | D:5      | Reached XP level 9. HP: 54/63 MP: 11/16
  6031 | D:6      | Identified the +4 war axe "Gouquwaq" {pain, Drain *Slow Fly
                  | Int+8}
  6203 | D:6      | Identified the +1 robe of Agoraphobia {Regen+ Dex+2}
  7137 | D:3      | Killed Grinder
  7205 | D:3      | Killed Sigmund
  7549 | D:6      | Reached skill level 10 in Polearms
  7549 | D:6      | Reached skill level 5 in Conjurations
  7602 | D:7      | Noticed a gargoyle
  7623 | D:7      | Reached skill level 5 in Fire Magic
  7623 | D:7      | Reached XP level 10. HP: 48/70 MP: 1/17
  8855 | D:7      | Killed a gargoyle
  9217 | D:7      | Found a white marble altar of Elyvilon.
  9218 | D:7      | Found an ornate altar of the Wu Jian Council.
  9219 | D:7      | Found a hazy altar of Hepliaklqana.
  9220 | D:7      | Found a blossoming altar of Fedhas.
  9278 | D:7      | Found a burning altar of Makhleb.
  9280 | D:7      | Found a shimmering blue altar of Sif Muna.
  9280 | D:7      | Found a stormy altar of Qazlal.
  9359 | D:8      | Noticed a two-headed ogre
  9368 | D:7      | Killed a two-headed ogre
  9559 | D:8      | Found an iron altar of Okawaru.
  9752 | Temple   | Entered the Ecumenical Temple
  9934 | D:8      | Learned a level 3 spell: Tukima's Dance
  9941 | D:8      | Learned a level 6 spell: Summon Cactus Giant
 10214 | D:8      | Reached skill level 1 in Hexes
 10214 | D:8      | Reached skill level 1 in Summonings
 10483 | D:9      | Reached XP level 11. HP: 75/75 MP: 5/21
 11201 | D:9      | Found a staircase to the Orcish Mines.
 11451 | D:9      | Noticed a two-headed ogre
 11502 | D:9      | Killed a two-headed ogre
 11946 | D:10     | Entered Level 10 of the Dungeon
 12124 | D:10     | Noticed a centaur warrior
 12205 | D:10     | Found a broken altar of Ashenzari.
 12676 | D:10     | Identified a scroll of acquirement
 12678 | D:10     | Acquired a ring of magical power
 13028 | D:4      | Bought a +2 leather armour of willpower for 209 gold pieces
 13182 | Orc:1    | Entered Level 1 of the Orcish Mines
 13182 | Orc:1    | Noticed an orc warlord
 13561 | D:10     | Killed a centaur warrior
 13562 | D:10     | Reached skill level 5 in Hexes
 13562 | D:10     | Reached skill level 5 in Summonings
 13749 | D:10     | Noticed a soul eater
 14428 | D:11     | Noticed a boulder beetle
 14447 | D:11     | Killed a boulder beetle
 14690 | D:11     | Found a staircase to the Lair.
 14690 | D:11     | Noticed an oklob plant
 14720 | D:11     | Killed an oklob plant
 14721 | D:11     | Reached XP level 12. HP: 35/81 MP: 1/24
 15491 | Lair:1   | Entered Level 1 of the Lair of Beasts
 16112 | Lair:1   | You fall into a shaft and drop 1 floor!
 16546 | Lair:1   | Reached skill level 10 in Spellcasting
 17481 | Lair:2   | Found a staircase to the Snake Pit.
 17507 | Lair:2   | Noticed a boulder beetle
 17520 | Lair:2   | Slain by a black mamba

Illustrated notes

Levels and vault maps discovered:
D:1:      giann_horns, layout_rooms, serial_forest, infiniplex_forest_3_way,
          infiniplex_forest_lined_room_3, infiniplex_forest_zigzag_1,
          infiniplex_forest_corner_1, infiniplex_forest_diagonal
D:2:      layout_basic, basic_altar
D:3:      layout_rooms, serial_shops, nicolae_shop_trees,
          chequers_serial_rivers_micro_e, uniq_grinder, uniq_sigmund
D:4:      layout_gridville, minmay_temple_entry_butterflies, enter_ossuary_4,
          serial_shops, shop, uniq_menkaure
D:5:      layout_loops_cross, mainiacjoe_overflow_boulevard,
          hangedman_decor_push, minmay_misc_feat_more_columns,
          solitary_fountain, chequers_serial_rivers_micro_d
D:6:      layout_cave_pools, grunt_ministairs_10
D:7:      layout_rooms, gammafunk_temple_overflow_claw,
          chequers_temple_overflow_statue_of_worship, serial_undead,
          serial_undead_a, serial_undead_c, serial_undead_e, serial_undead_c
D:8:      layout_basic, amcnicky_altar_gilded
D:9:      layout_basic, orc_0_dummy, kennysheep_generic_room_8
D:10:     layout_cave_pools, cheibrodos_ashenzari_chains
D:11:     layout_loops_ring, dpeg_oklobed_lair, chequers_mini_garden
Temple:   nicolae_temple_no_exploring_needed
Lair:1:   layout_misc_corridors
Lair:2:   layout_chaotic_city, minmay_snake_entry_six_corridors
Orc:1:    layout_caves, basic_altar, gammafunk_ghost_grave, uniq_jorgrun,
          uniq_nergalle

Skill      XL: |  1  2  3  4  5  6  7  8  9 10 11 12 |
---------------+-------------------------------------+-----
Polearms       | 4 5 6 7 8 10 | 10.0
Spellcasting   | 2 3 4 5 6 8 10 | 10.0
Conjurations   | 2 5 7 |  7.0
Fire Magic     | 5 7 |  7.0
Hexes          | 1 5 |  5.0
Summonings     | 1 6 9 |  9.5
Fighting       | |  3.0

Action                     |  1- 3 |  4- 6 |  7- 9 | 10-12 || total
---------------------------+-------+-------+-------+-------++-------
  Melee: Spear             |    74 |    72 |   224 |   267 ||   637
         Punch             |     1 |     2 |     4 |     5 ||    12
         Trident           |       |       |       |    11 ||    11
  Throw: Dart              |     4 |     4 |    24 |    92 ||   124
   Cast: Scorch            |    17 |    34 |   132 |   378 ||   561
         Flame Wave        |       |       |       |    11 ||    11
         Tukima's Dance    |       |       |       |     2 ||     2
 Invoke: Fiery Armour      |       |     1 |     7 |     2 ||    10
         Foxfire Swarm     |       |       |     2 |       ||     2
         Rising Flame      |       |       |     1 |       ||     1
  Evoke: Wand              |       |       |       |     4 ||     4
    Use: Scroll            |       |     3 |     7 |    19 ||    29
         Potion            |       |       |     4 |     7 ||    11
   Stab: Sleeping          |       |       |     1 |       ||     1
 Armour: Robe              |    15 |    57 |    79 |    72 ||   223
         Skin              |       |       |       |    58 ||    58
         Leather armour    |       |       |       |    47 ||    47
  Dodge: Dodged            |    25 |    49 |   159 |   407 ||   640
